Map: Beckett Industries LE

Players

ViBE - Winner!

  • Race: Zerg Zerg
  • League: Diamond

MicroToSmurf

  • Race: Protoss Protoss
  • League: Platinum

VOD

Have the link to the VOD?

Description

Time

  • Played on: April 9, 2021, 2:01 a.m.
  • Length: 15:46
Show
View Real Time Build Order
Export as new Build Order

ViBE Zerg - Winner!

Build Orders: Hatch First 

Get SALT Encoding   

  12  0:00  Drone  
  13  0:13  Overlord  
  13  0:17  Drone  
  14  0:31  Drone x2  
  16  0:52  Hatchery  
  16  0:55  Drone  
  16  0:56  Drone  
  17  1:00  Drone  
  18  1:13  Spawning Pool  
  18  1:16  Drone  
  18  1:26  Drone  
  18  1:29  Drone  
  18  1:32  Extractor  
  19  1:53  Drone  
  20  1:59  Drone  
  21  2:03  Queen x2  
  21  2:05  Drone x2  
  27  2:12  Drone  
  28  2:17  Overlord  
  28  2:35  Drone x3  
  31  2:39  Lair  
  31  2:42  Queen  
  33  2:44  Drone x2  
  35  2:55  Overlord  
  35  2:57  Overlord  
  35  3:07  Overlord  
  35  3:14  Drone  
  35  3:15  Drone x7  
  43  3:20  Roach Warren  
  43  3:22  Evolution Chamber  
  43  3:23  Drone x2  
  43  3:28  Extractor x2  
  41  3:35  Drone x2  
  43  3:41  Drone  
  43  3:45  Drone x6  
  50  3:57  Zerg Missile Weapons Level 1  
  50  3:59  Overlord x2  
  50  4:01  Glial Reconstitution  
  50  4:05  Overlord  
  50  4:10  Hatchery  
  50  4:15  Roach  
  53  4:24  Roach x5  
  53  4:27  Roach  
  63  4:35  Queen  
  65  4:49  Drone x5  
  65  4:51  Drone  
  71  5:04  Drone x5  
  76  5:07  Hydralisk Den  
  76  5:10  Evolution Chamber  
  76  5:12  Drone x2  
  76  5:20  Overlord  
  76  5:21  Overlord x2  
  76  5:22  Extractor  
  75  5:29  Drone x2  
  75  5:30  Drone  
  78  5:42  Extractor  
  77  5:43  Drone x6  
  77  5:44  Drone x2  
  77  5:45  Extractor  
  77  5:47  Zerg Ground Armor Level 1  
  84  5:52  Drone  
  84  5:53  Drone  
  84  5:57  Drone x5  
  89  5:59  Zerg Missile Weapons Level 2, Grooved Spines  
  91  6:06  Hatchery  
  90  6:13  Drone x8  
  98  6:21  Hydralisk  
  100  6:27  Hatchery  
  99  6:40  Overlord  
  99  6:43  Overlord  
  99  6:48  Overlord  
  99  6:49  Overlord x3  
  99  6:54  Overlord  
  99  7:00  Hydralisk x4  
  107  7:01  Hydralisk  
  109  7:10  Muscular Augments, Hydralisk x2  
  113  7:23  Hydralisk x6  
  113  7:29  Extractor  
  124  7:30  Extractor  
  124  7:32  Drone  
  124  7:33  Drone x2  
  126  7:39  Infestation Pit  
  126  7:43  Drone x4  
  129  7:52  Drone  
  129  7:53  Drone x7  
  137  8:03  Overlord  
  137  8:06  Overlord  
  137  8:07  Hydralisk x3  
  137  8:08  Hydralisk  
  144  8:16  Zerg Ground Armor Level 2  
  144  8:20  Hive  
  144  8:26  Hatchery  
  143  8:31  Overseer  
  143  8:32  Overseer  
  143  8:41  Hydralisk x9  
  161  9:07  Hatchery  
  160  9:20  Overlord x5  
  160  9:25  Hydralisk  
  160  9:26  Hydralisk x7  
  176  10:00  Hydralisk x12  
  200  10:15  Zerg Missile Weapons Level 3  
  200  10:54  Zerg Ground Armor Level 3  
  186  11:00  Hydralisk x3  
  186  11:01  Hydralisk x15  
  188  11:18  Drone x2  
  190  11:19  Drone  
  190  11:20  Hydralisk x5  
  199  11:29  Hatchery  
  199  11:32  Hydralisk x2  
  198  11:45  Hydralisk x2  
  194  12:27  Extractor, Hydralisk  
  194  12:28  Extractor, Hydralisk x14  
  200  12:30  Overseer  
  200  12:31  Overseer  
  196  12:53  Hydralisk x2  
  200  13:05  Hydralisk  
  186  13:30  Hydralisk x7  
  164  14:23  Hydralisk x18  
  148  15:11  Hydralisk x12  
  148  15:12  Hydralisk x14  
Show
View Real Time Build Order
Export as new Build Order

MicroToSmurf Protoss 

Build Orders: 1 Gate Expand, Carriers 

Get SALT Encoding   

  12  0:00  Probe  
  13  0:16  Probe  
  13  0:20  Pylon  
  14  0:28  Probe  
  15  0:40  Probe  
  15  0:42  Gateway  
  16  0:52  Probe (Chrono Boost)  
  16  0:54  Assimilator  
  17  1:04  Probe (Chrono Boost)  
  18  1:13  Probe (Chrono Boost)  
  19  1:19  Probe  
  20  1:27  Nexus  
  20  1:40  Cybernetics Core  
  20  1:50  Pylon, Probe  
  20  1:51  Assimilator  
  21  2:02  Probe  
  22  2:14  Probe  
  23  2:16  Stalker  
  23  2:20  Warp Gate  
  25  2:27  Probe  
  26  2:35  Pylon  
  26  2:39  Probe  
  27  2:45  Probe  
  27  2:50  Stargate  
  27  2:51  Probe  
  29  2:56  Adept  
  29  2:58  Probe (Chrono Boost)  
  32  3:04  Probe (Chrono Boost)  
  32  3:05  Gateway  
  33  3:10  Probe (Chrono Boost)  
  34  3:15  Probe (Chrono Boost)  
  34  3:18  Probe (Chrono Boost)  
  34  3:19  Shield Battery  
  36  3:20  Probe (Chrono Boost)  
  36  3:25  Probe  
  38  3:30  Probe  
  38  3:32  Void Ray  
  39  3:36  Adept  
  39  3:37  Probe  
  46  3:52  Probe x2  
  48  4:04  Probe  
  48  4:05  Probe  
  48  4:09  Void Ray  
  50  4:11  Nexus  
  50  4:16  Pylon  
  54  4:24  Pylon  
  54  4:28  Twilight Council  
  54  4:31  Assimilator  
  54  4:33  Assimilator  
  54  4:34  Probe x2  
  56  4:46  Void Ray, Probe  
  56  4:50  Probe  
  62  4:58  Probe  
  63  5:03  Probe  
  64  5:10  Probe  
  64  5:11  Gateway x2  
  65  5:15  Probe  
  66  5:22  Probe  
  66  5:27  Probe  
  66  5:28  Probe  
  69  5:30  Charge (Chrono Boost)  
  69  5:34  Probe  
  70  5:39  Probe  
  70  5:40  Probe  
  70  5:41  Fleet Beacon  
  72  5:44  Stargate  
  72  5:46  Probe  
  72  5:47  Zealot x2  
  77  5:51  Probe  
  77  5:52  Probe  
  77  5:54  Pylon  
  77  5:55  Pylon  
  79  5:57  Pylon  
  79  5:59  Probe  
  79  6:00  Pylon  
  80  6:08  Nexus  
  80  6:11  Pylon  
  80  6:13  Pylon  
  80  6:26  Zealot x4  
  80  6:28  Probe x3  
  80  6:32  Assimilator  
  91  6:34  Assimilator  
  91  6:40  Probe  
  91  6:41  Gateway  
  91  6:42  Gateway  
  91  6:45  Carrier (Chrono Boost)  
  91  6:46  Carrier (Chrono Boost)  
  104  6:59  Protoss Air Weapons Level 1  
  104  7:02  Forge, Probe x2  
  104  7:03  Forge, Probe  
  104  7:04  Pylon  
  107  7:14  Probe x2  
  109  7:23  Stargate  
  109  7:34  Robotics Facility  
  109  7:35  Zealot x3  
  109  7:36  Zealot, Carrier  
  123  7:48  Carrier (Chrono Boost)  
  129  7:52  Shield Battery, Probe x2  
  129  7:53  Probe  
  129  7:54  Assimilator  
  129  7:58  Assimilator, Zealot x3  
  138  8:19  Protoss Ground Weapons Level 1 (Chrono Boost)  
  118  8:26  Zealot x6  
  118  8:36  Photon Cannon  
  118  8:38  Photon Cannon, Carrier (Chrono Boost)  
  118  8:40  Shield Battery, Carrier (Chrono Boost)  
  130  8:49  Observer  
  130  8:55  Templar Archives, Carrier (Chrono Boost)  
  137  8:57  Protoss Shields Level 1 (Chrono Boost)  
  137  9:04  Zealot x6  
  149  9:20  Nexus  
  149  9:21  Pylon  
  149  9:24  Pylon  
  149  9:25  Pylon  
  149  9:30  Pylon  
  149  9:31  Carrier (Chrono Boost)  
  155  9:39  Carrier (Chrono Boost)  
  161  9:46  Pylon  
  161  9:54  Probe x2  
  161  9:55  Photon Cannon  
  161  9:56  Photon Cannon  
  161  9:59  Gateway  
  163  10:04  Carrier  
  163  10:05  Observer  
  170  10:18  Protoss Air Weapons Level 2 (Chrono Boost)  
  170  10:25  Zealot x3  
  176  10:28  Carrier  
  182  10:38  Photon Cannon  
  182  10:39  Photon Cannon  
  182  10:40  Shield Battery  
  182  10:48  Zealot x5  
  164  11:01  Zealot  
  137  11:11  Zealot x4  
  137  11:12  Zealot  
  133  11:23  Zealot  
  111  11:35  High Templar x4  
  111  11:36  High Templar  
  111  11:39  Archon x2  
  116  11:53  Carrier  
  122  11:59  High Templar  
  124  12:07  Robotics Bay  
  124  12:31  Zealot  
  124  12:32  Zealot x3  
  107  12:46  Carrier x2 (Chrono Boost)  
  118  12:52  Disruptor (Chrono Boost)  
  118  12:55  Carrier (Chrono Boost)  
  109  13:20  Pylon  
  108  13:41  Disruptor  
Tags
 
Add a new tag
Caveats
  • Supply blocks, unpowered buildings, or Contaminate may cause inaccurate times.
  • Supply counts are checked every 10 seconds.